 Dungeon Sprint DCSS version 0.31-a0-1511-g961fd35ebc (webtiles) character file.

Game seed: 13940185309731623906

2 Groucho the Nimble (level 1, -3/14 HPs)
             Began as a Gnoll Wanderer on Dec 30, 2023.
             Frozen to death by an endoplasm (5 damage)
             ... in the Dungeon (Sprint IX: "|||||||||||||||||||||||||||||").
             The game lasted 00:00:11 (20 turns).

Groucho the Nimble (Gnoll Wanderer)                   Turns: 20, Time: 00:00:12

Health: -3/14      AC:  3    Str: 12    XL:     1   Next: 40%
Magic:  8/8        EV: 14    Int: 10    God:
Gold:   0          SH:  4    Dex: 11    Spells: 13/14 levels left

rFire   . . .        a - +0 club
rCold   . . .        c - +0 buckler
rNeg    . . .        e - +0 leather armour
rPois   .            (no helmet)
rElec   .            (no cloak)
rCorr   .            (no gloves)
SInv    .            (no boots)
Will    .....        (no amulet)
Stlth   +            (no ring)
HPRegen 0.22/turn    (no ring)
MPRegen 0.11/turn

%: no teleportation
@: no status effects
A: fangs 1, strong nose, distributed training
a: no special abilities


You were in the Dungeon.
You visited 1 branch

Inventory:

Hand Weapons
 a - a +0 club (weapon)
Missiles
 b - 4 throwing nets (quivered)
Armour
 c - a +0 buckler (worn)
 e - a +0 leather armour (worn)
Scrolls
 d - a scroll of teleportation
 k - a scroll of blinking
Potions
 f - a potion of curing
 g - a potion of heal wounds
 h - a potion of haste
 i - 2 potions of magic
 j - a potion of berserk rage


   Skills:
 + Level 0.6 Fighting
 + Level 0.6 Short Blades
 + Level 0.6 Long Blades
 + Level 0.6 Axes
 + Level 0.6 Maces & Flails
 + Level 0.6 Polearms
 + Level 0.6 Staves
 + Level 0.6 Ranged Weapons
 + Level 0.6 Throwing
 + Level 0.6 Armour
 + Level 8.5 Dodging
 + Level 0.6 Stealth
 + Level 2.5 Shields
 + Level 0.6 Unarmed Combat
 + Level 7.1 Spellcasting
 + Level 0.4 Conjurations
 + Level 0.4 Hexes
 + Level 0.4 Summonings
 + Level 0.4 Necromancy
 + Level 0.4 Translocations
 + Level 0.4 Fire Magic
 + Level 3.7 Ice Magic
 + Level 0.4 Air Magic
 + Level 0.4 Earth Magic
 + Level 0.4 Alchemy
 + Level 0.8 Invocations
 + Level 0.6 Evocations
 + Level 0.5 Shapeshifting


You had 13 spell levels left.
You knew the following spells:

 Your Spells              Type           Power      Damage    Failure   Level
a - Freeze                Ice            44%        1d6       8%          1

Your spell library contained the following spells:

 Spells                   Type           Power      Damage    Failure   Level
 Ozocubu's Armour         Ice            11%        N/A       22%         3


Dungeon Overview and Level Annotations

Branches:
Dungeon (1/1)

Altars:


Innate Abilities, Weirdness & Mutations

You have very sharp teeth.
Your uncanny sense of smell can sniff out nearby items.
Your experience applies equally to all skills.


Message History

The rat twitches its whiskers.
You hit the rat but do no damage. You bite the rat.
The rat is moderately wounded.
The rat closely misses you.
Unknown command.
You hit the rat but do no damage.
The rat is moderately wounded.
The rat bites you. The rat barely misses you.
You hit the rat.
The rat is severely wounded.
The rat misses you.
You hit the rat.
You kill the rat!
You hit the endoplasm.
The endoplasm is lightly wounded.
The endoplasm freezes you.
You are frozen.
The endoplasm freezes you.
You are frozen.
You are too injured to fight recklessly!
You are too injured to fight recklessly!
You are too injured to fight recklessly!
You hit the endoplasm.
You bite the endoplasm, but do no damage.
The endoplasm is heavily wounded.
The endoplasm closely misses you.
You hit the endoplasm but do no damage.
The endoplasm is heavily wounded.
The endoplasm hits you but does no damage.
You hit the endoplasm but do no damage.
The endoplasm is heavily wounded.
The endoplasm freezes you.
You are frozen.
* * * LOW HITPOINT WARNING * * *
The endoplasm hits you but does no damage.
You hit the endoplasm but do no damage.
The endoplasm is heavily wounded.
The endoplasm freezes you.
You are frozen.
You die...

▓▓▓
▓<▓
▓.▓
▓.▓
▓.▓
▓@▓
▓J▓
▓b▓
▓.▓
∆
▓.▓
∆
▓.▓
∆
▓+▓
∆


You could see an endoplasm and a bat.

Vanquished Creatures
  A goblin (D)
  2 rats (D)
3 creatures vanquished.

Notes
Turn   | Place    | Note
-------+----------+-------------------------------------------
     0 | D        | Groucho the Gnoll Wanderer began the quest for the Orb.
     0 | D        | Groucho set off with the following items: a +0 club, 4
                  | throwing nets, a +0 buckler, a scroll of teleportation, a
                  | +0 leather armour, a potion of curing, a potion of heal
                  | wounds, a potion of haste, 2 potions of magic, a potion of
                  | berserk rage, a scroll of blinking; and the following spell
                  | memorised: Freeze; and the following spells available to
                  | memorise: Ozocubu's Armour.
     0 | D        | Reached XP level 1. HP: 13/13 MP: 8/8
    20 | D        | Frozen to death by an endoplasm

Illustrated notes

Levels and vault maps discovered:
D:        linesprint [early_d, line_temple, items_1, d_10, items_2, lair_1,
          lair_end, items_3, orc_1, orc_end, items_4, d_15, swamp_1, shoals_1,
          snake_1, spider_1, d_20, vaults_1, items_5, swamp_end, shoals_end,
          snake_end, spider_end, vaults_end, d_27, items_6, zot_1, zot_end,
          crypt_end, forest_end, elf_end, slime_end, tomb_end, abyss_end,
          pan_hell_end]

Action                     || total
---------------------------++-------
  Melee: Club              ||    16
         Bite              ||     3
 Armour: Leather armour    ||     7
  Dodge: Dodged            ||     8

Table legend: (Time is in decaauts)
 A = Elapsed time spent in this place.
 B = Non-inter-level travel time spent in this place.
 C = Inter-level travel time spent in this place.
 D = Time resting spent in this place.
 E = Time spent auto-exploring this place.
 F = Levels seen in this place.
 G = Mean time per level.
                   A        B        C        D        E       F      G
               +--------+--------+--------+--------+--------+-----+--------+
         Total |     25 |     25 |      0 |      0 |      0 |   1 |   25.0 |
       Dungeon |     25 |     25 |      0 |      0 |      0 |   1 |   25.0 |
               +--------+--------+--------+--------+--------+-----+--------+

Top non-repeatable levels by time:
       D: 25 daAuts
